 Dungeon Crawl Stone Soup version 0.28.0-53-g5a82cb258f (webtiles) character file.

Game seed: 4071485696958765323

201828 jjjjhere the Peltast (level 17, -13/152 (163) HPs)
             Began as a Minotaur Abyssal Knight on Oct 15, 2022.
             Was the Champion of Lugonu.
             Blown up by an orb spider (64 damage)
             ... with an orb of destruction
             ... on level 4 of the Spider Nest.
             The game lasted 01:06:17 (47223 turns).

jjjjhere the Peltast (Minotaur Abyssal Knight)     Turns: 47223, Time: 01:06:18

HP:   -13/152 (163) AC: 22    Str: 31    XL:     17   Next: 92%
MP:   23/23         EV: 13    Int:  7    God:    Lugonu [******]
Gold: 1897          SH: 25    Dex: 12    Spells: 16/16 levels left

rFire   + . .      SeeInvis .   Y - +4 broad axe (vorpal)
rCold   + . .      Faith    .   n - +0 tower shield {AC+3}
rNeg    . . .      Spirit   .   f - quicksilver dragon scales
rPois   +          Reflect  +   (helmet restricted)
rElec   .          Harm     .   H - scarf {rC+ rF+}
rCorr   +          Rampage  .   Z - +1 pair of gloves
Will    ++...                   R - +1 pair of boots
Stlth   +.........              a - amulet "Ujuroul" {Reflect rCorr SH+5}
HPRegen 0.35/turn               c - ring of poison resistance
MPRegen 0.18/turn               d - +6 ring of strength

@: studying Ice Magic, drained
A: horns 2, retaliatory headbutt
}: 1/15 runes: decaying
a: Renounce Religion, Depart the Abyss, Bend Space, Banish, Corrupt, Enter the
Abyss, Brand Weapon With Distortion


You were on level 4 of the Spider Nest.
You worshipped Lugonu.
Lugonu was exalted by your worship.
You visited 6 branches of the dungeon, and saw 32 of its levels.
You visited the Abyss 1 time.
You also visited: Ossuary and Ice Cave.

You collected 3103 gold pieces.
You spent 1206 gold pieces at shops.

Inventory:

Hand Weapons
 T - the +9 mace of Action {venom, Will+}
   (You found it on level 4 of the Lair of Beasts)

   It poisons the flesh of those it strikes.
   Will:      It increases your willpower.
 Y - a +4 vorpal broad axe (weapon)
Missiles
 j - 44 poisoned darts
 o - 2 atropa-tipped darts
 x - 4 datura-tipped darts
 I - 2 javelins
 K - 11 boomerangs (quivered)
 O - 6 curare-tipped darts
 X - 4 silver boomerangs
Armour
 f - quicksilver dragon scales (worn)
 n - a +0 tower shield of protection (worn)
 H - a scarf of resistance (worn)
 R - a +1 pair of boots (worn)
 V - a +0 cloak
 Z - a +1 pair of gloves (worn)
Jewellery
 a - the amulet "Ujuroul" (around neck) {Reflect rCorr SH+5}
   (You bought it in a shop on level 1 of the Orcish Mines)

   [amulet of reflection]

   It reflects blocked missile attacks.
   rCorr:     It protects you from acid and corrosion.
   SH:        It affects your SH (+5).
 c - a ring of poison resistance (left hand)
 d - a +6 ring of strength (right hand)
 l - a ring of resist corrosion
 q - a ring of protection from cold
 w - a ring of positive energy
Wands
 g - a wand of iceblast (27)
 p - a wand of digging (15)
 r - a wand of flame (93)
 y - a wand of mindburst (60)
 E - a wand of acid (5)
 M - a wand of charming (11)
 N - a wand of paralysis (8)
Scrolls
 e - 5 scrolls of fear
 i - 7 scrolls of fog
 A - 4 scrolls of magic mapping
 C - 3 scrolls of teleportation
 L - 6 scrolls of enchant armour
 Q - 6 scrolls of blinking
 U - 10 scrolls of identify
Potions
 b - a potion of berserk rage
 h - 6 potions of heal wounds
 k - 4 potions of might
 s - 6 potions of curing
 t - 3 potions of magic
 u - 9 potions of lignification
 v - 2 potions of haste
 z - 3 potions of invisibility
 B - a potion of cancellation
 D - a potion of resistance
 F - 2 potions of flight
 G - 2 potions of mutation
 S - 8 potions of ambrosia
Miscellaneous
 m - a piece from Xom's chessboard (15/15)
 J - a phial of floods
 P - a box of beasts
 W - a phantom mirror


   Skills:
 - Level 17.8 Fighting
 - Level 18.4(19.0) Axes
 - Level 8.0(14.3) Maces & Flails
 + Level 10.4 Throwing
 + Level 12.7 Armour
 - Level 9.0 Dodging
 + Level 19.0 Shields
 - Level 9.4 Invocations
 - Level 8.3 Evocations


You had 16 spell levels left.
You didn't know any spells.
Your spell library contained the following spells:

 Spells                   Type           Power      Damage    Failure   Level
 Foxfire                  Conj/Fire      0%         2x1d4     82%         1
 Magic Dart               Conj           0%         1d3       82%         1
 Pain                     Necr           0%         1d4       82%         1
 Sandblast                Erth           0%         2d4       82%         1
 Blink                    Tloc           0%         N/A       91%         2
 Call Imp                 Summ           0%         N/A       91%         2
 Passwall                 Tmut/Erth      0%         N/A       91%         2
 Scorch                   Fire           0%         2d5       91%         2
 Static Discharge         Conj/Air       0%         N/A       91%         2
 Call Canine Familiar     Summ           0%         N/A       99%         3
 Conjure Flame            Conj/Fire      0%         6-21      99%         3
 Gell's Gravitas          Tloc           0%         N/A       99%         3
 Inner Flame              Hex/Fire       0%         N/A       99%         3
 Lesser Beckoning         Tloc           0%         N/A       99%         3
 Mephitic Cloud           Conj/Pois/Air  0%         N/A       99%         3
 Ozocubu's Armour         Ice            0%         N/A       99%         3
 Portal Projectile        Hex/Tloc       0%         N/A       99%         3
 Stone Arrow              Conj/Erth      0%         3d7       99%         3
 Teleport Other           Tloc           0%         N/A       99%         3
 Tukima's Dance           Hex            0%         N/A       99%         3
 Airstrike                Air            0%         N/A       100%        4
 Dispel Undead            Necr           0%         3d6       100%        4
 Flame Wave               Conj/Fire      0%         2d4       100%        4
 Leda's Liquefaction      Hex/Erth       0%         N/A       100%        4
 Passage of Golubria      Tloc           0%         N/A       100%        4
 Sticky Flame             Conj/Fire      0%         2d3       100%        4
 Summon Lightning Spire   Summ/Air       0%         N/A       100%        4
 Agony                    Necr           0%         N/A       100%        5
 Blade Hands              Tmut           0%         N/A       100%        5
 Excruciating Wounds      Necr           0%         N/A       100%        5
 Lee's Rapid Deconstruct  Erth           0%         3d5*      100%        5
 Lightning Bolt           Conj/Air       0%         1d11      100%        5
 Manifold Assault         Tloc           0%         N/A       100%        5
 Yara's Violent Unravell  Hex/Tmut       0%         3d3       100%        5
 Statue Form              Tmut/Erth      0%         N/A       100%        6
 Summon Cactus Giant      Summ           0%         N/A       100%        6
 Ozocubu's Refrigeration  Ice            0%         4d5       100%        7
 Storm Form               Tmut/Air       0%         N/A       100%        7
 Lehudib's Crystal Spear  Conj/Erth      0%         10d2      100%        8
 Chain Lightning          Conj/Air       0%         N/A       100%        9
 Fire Storm               Conj/Fire      0%         5d1       100%        9
 Shatter                  Erth           0%         3d5*      100%        9


Dungeon Overview and Level Annotations

Branches:
Dungeon (15/15)            Temple (1/1) D:7            Lair (6/6) D:10
  Swamp (4/4) Lair:3       Spider (4/4) Lair:4        Slime (0/5) Lair:5
    Orc (2/2) D:9             Elf (0/3) Orc:2        Vaults (0/5) D:14
 Depths (0/4) D:15        Ossuary (visited)           IceCv (visited)

Altars:
Ashenzari
Cheibriados
Fedhas
Gozag
Hepliaklqana
Makhleb
Qazlal
Sif Muna
Uskayaw
Vehumet
Wu Jian
Xom
Zin
The Shining One
Beogh

Shops:
D:5 ?   D:7 :   Orc:1 =(   Orc:2 !*?[

Portals:
Abyss: D:4

Annotations:
D:4 2 transporters, Jingleheimer's ghost, amateur PaAK
Lair:4 exclusion: oklob plant
Lair:5 exclusion: oklob plant
Lair:6 3 runed translucent doors, garrulousMonolith's ghost, journeyman GnFi
Orc:1 exclusion: door
Abyss:1 Nergalle


Innate Abilities, Weirdness & Mutations

You have a pair of horns on your head.
You reflexively headbutt those who attack you in melee.


Message History

You see here a jorogumo skeleton.
You now have 1897 gold pieces (gained 25).
U - 10 scrolls of identify (gained 1)
A demonic crawler comes into view.
The demonic crawler gives a hideous shriek!
An orb spider comes into view.
The orb spider hisses angrily.
The orb spider begins to weave its threads into a brightly glowing ball.
Found 19 gold pieces.
Found a flail.
The orb spider weaves a glowing orb of energy.
An orb of destruction comes into view.
The demonic crawler shrieks in warning!
You hear a shout! x2; You hear a hideous shriek!
You hear an angry buzzing noise.
You hear an angry hiss.
You hear a chilling moan.
You hear a hideous shriek!
You block the demonic crawler's attack. x2; The demonic crawler hits you.
You block the demonic crawler's attack. x2
The demonic crawler closely misses you.
The orb spider begins to weave its threads into a brightly glowing ball.
You block the demonic crawler's attack. The demonic crawler misses you.
You block the demonic crawler's attack.
You slice the demonic crawler!!
The demonic crawler is severely wounded.
The demonic crawler hits you but does no damage.
You block the demonic crawler's attack. The demonic crawler hits you!
The orb of destruction hits you!!!!
You hit the demonic crawler but do no damage.
You headbutt the demonic crawler!
The demonic crawler is severely wounded.
The demonic crawler hits you but does no damage.
You block the demonic crawler's attack. The demonic crawler hits you.
The orb spider weaves a glowing orb of energy.
An orb of destruction comes into view.
You block the demonic crawler's attack. The demonic crawler hits you!
The demonic crawler closely misses you. You block the demonic crawler's attack.
The demonic crawler closely misses you. The demonic crawler barely misses you.
You block the demonic crawler's attack. The demonic crawler hits you!
You block the demonic crawler's attack. The orb of destruction hits you!!!
You die...

........^..............^.....#
.......^..............^.......
..................^...<.....^#
^.........................^...
.....^.......................#
.^..............^........^^...
.....^..............^........)
^...^°..................^....<
............@.^..............
.....$...°.s○..^............
.......°)°.○...............
.......^...○...............
..........s○...............
.....^^^.....^..^..^.^....
#########################


You could see a demonic crawler and an orb spider.

Vanquished Creatures
  A tentacled monstrosity (Swamp:1)
  Mlioglotl (Swamp:1)
  Roxanne (Spider:2)
  A fenstrider witch (Swamp:3)
  A ghost moth (Spider:1)
  2 frost giants (IceCv)
  A broodmother (Spider:2)
  8 eleionomae
  An entropy weaver (Spider:3)
  4 bunyips
  2 spark wasps
  A shambling mangrove (Swamp:4)
  5 ice dragons (IceCv)
  A jorogumo (Spider:4)
  A salamander tyrant (D:15)
  16 hydras
  A radroach (Spider:1)
  2 ogre magi
  5 ironbound frosthearts (IceCv)
  A spriggan air mage (Swamp:3)
  3 boulder beetles
  6 centaur warriors
  2 ghost crabs
  8 two-headed ogres
  A tengu warrior (D:14)
  8 alligators
  3 death yaks (Lair:4)
  5 orc high priests (Orc:2)
  6 pharaoh ants
  A salamander mystic (D:15)
  7 orb spiders
  5 spriggan druids
  5 steelbarb worms
  An orange crystal statue (IceCv)
  3 goliath frogs
  8 swamp dragons
  Pikel (D:7)
  3 bog bodies
  A wizard (D:15)
  2 deep elf pyromancers
  A wolf spider zombie (D:15)
  7 orc knights
  A necromancer (D:15)
  7 cyclopes
  An orc sorcerer (D:15)
  4 salamanders (D:15)
  15 elephants
  17 ugly things
  12 wolf spiders
  4 will-o-the-wisps
  2 moths of wrath
  2 manticores
  5 black mambas
  A naga mage (D:15)
  Joseph (D:6)
  4 molten gargoyles (D:12)
  9 torpor snails
  Maurice (D:9)
  7 cane toads
  4 kobold demonologists
  Psyche (D:11)
  3 demonic crawlers
  6 rime drakes
  A freezing wraith (D:14)
  A tengu conjurer (D:14)
  2 efreet
  2 komodo dragons
  A queen bee (Lair:4)
  17 polar bears
  5 tyrant leeches
  3 trolls
  15 meliai
  2 raiju
  16 tarantellas
  9 hornets
  4 slime creatures (Lair:5)
  4 dream sheep (Lair:6)
  15 blink frogs
  18 jumping spiders
  14 culicivoras
  7 spriggans
  2 shadows (D:10)
  A wraith (D:11)
  37 yaks
  4 wyverns
  4 water elementals (D:11)
  10 vampire mosquitoes
  5 basilisks
  35 redbacks
  7 wargs
  Menkaure (Ossuary)
  8 swamp worms
  An acid dragon (D:11)
  15 hell hounds (Lair:6)
  15 water moccasins
  27 orc warriors
  12 black bears
  11 swamp drakes
  6 ogres
  9 centaurs
  19 wolves
  2 phantoms
  2 kobold brigands
  2 gnoll sergeants
  14 bullfrogs
  A wyvern zombie (D:8)
  3 scorpions
  A wyvern skeleton (D:6)
  6 wights
  24 killer bees
  A howler monkey (D:9)
  10 electric eels
  4 jellies (Lair:5)
  7 centaur zombies
  6 centaur skeletons
  34 orc priests
  2 bullfrog skeletons
  2 gnoll shamans
  3 hounds
  4 iguanas
  15 orc wizards
  5 hell rats (Lair:4)
  A killer bee zombie (D:8)
  A hound zombie (D:5)
  A hound skeleton (D:4)
  3 mummies (Ossuary)
  Robin (D:3)
  24 gnolls
  A howler monkey skeleton (D:3)
  5 adders
  A shadow imp (D:7)
  2 white imps
  A worm (D:3)
  4 dart slugs
  84 orcs
  2 ball pythons
  4 bats
  25 endoplasms
  2 giant cockroaches (D:1)
  3 gnoll zombies (Ossuary)
  10 goblins
  8 hobgoblins
  2 jackals (D:4)
  A quokka (D:2)
  3 frilled lizards
  5 gnoll skeletons (Ossuary)
  3 goblin skeletons (Ossuary)
  3 goblin zombies (Ossuary)
  3 hobgoblin skeletons (Ossuary)
  8 hobgoblin zombies (Ossuary)
  10 kobolds
  3 kobold skeletons (Ossuary)
  6 kobold zombies (Ossuary)
  4 orc skeletons (Ossuary)
  4 orc zombies (Ossuary)
  8 rats
  7 rat skeletons (Ossuary)
  A rat zombie (Ossuary)
  6 briar patches (Swamp:4)
1023 creatures vanquished.

Vanquished Creatures (collateral kills)
  A thorn hunter (Swamp:4)
  Donald (Spider:2)
  An orc knight (Orc:1)
  An elephant (Lair:2)
  3 rime drakes (IceCv)
  A bloated husk (Swamp:1)
  2 polar bears (IceCv)
  3 orc warriors
  An orc priest (Orc:1)
  An orc (Orc:1)
15 creatures vanquished.

Vanquished Creatures (others)
  An ironbound frostheart (IceCv)
  An ugly thing (Spider:3)
  A moth of wrath (Spider:4)
  A polar bear (IceCv)
  3 bloated husks
  A steam dragon (D:8)
  An orc wizard (D:3)
  A howler monkey zombie (D:8)
  20 foxfires
  39 fungi
  110 plants
179 creatures vanquished.

Grand Total: 1217 creatures vanquished

Notes
Turn   | Place    | Note
-------+----------+-------------------------------------------
     0 | Abyss:1  | jjjjhere the Minotaur Abyssal Knight began the quest for
                  | the Orb.
     0 | Abyss:1  | Reached XP level 1. HP: 19/19 MP: 1/1
    23 | D:1      | Escaped the Abyss
   251 | D:1      | Found a faded altar of an unknown god.
   535 | D:1      | Reached XP level 2. HP: 27/27 MP: 2/2
  1308 | D:2      | Reached ** piety under Lugonu
  1483 | D:2      | Reached XP level 3. HP: 32/33 MP: 3/3
  2071 | D:3      | Noticed Robin
  2087 | D:3      | Killed Robin
  2115 | D:3      | HP: 10/33 [hobgoblin (1)]
  2425 | D:3      | Noticed a scorpion
  2440 | D:3      | Reached XP level 4. HP: 24/40 MP: 4/4
  2710 | D:3      | Noticed a phantom
  2740 | D:3      | HP: 13/41 [phantom (9)]
  2743 | D:3      | Killed a phantom
  2744 | D:3      | Reached skill level 5 in Axes
  2744 | D:3      | Reached XP level 5. HP: 8/47 MP: 6/6
  3706 | D:3      | Reached skill level 5 in Fighting
  3865 | D:3      | Reached XP level 6. HP: 43/56 MP: 7/7
  4199 | D:4      | Noticed a toenail golem
  4223 | D:4      | Found a transporter.
  4226 | D:4      | Found a one-way gate to the infinite horrors of the Abyss.
  4226 | D:4      | Noticed Jingleheimer's ghost (amateur PaAK)
  4291 | D:4      | Noticed a small abomination
  4300 | D:4      | You fall into a shaft and drop 1 floor!
  4300 | D:5      | Entered Level 5 of the Dungeon
  4329 | D:5      | Reached *** piety under Lugonu
  4479 | D:4      | HP: 15/56 [ogre/+0 giant spiked club (17)]
  4485 | D:4      | Reached XP level 7. HP: 18/62 MP: 7/9
  4920 | D:4      | Found a transporter.
  5053 | D:4      | Identified the +6 long sword "Efeyqubb" {spect, Contam
                  | rF+++ rC++ Will-}
  5223 | D:4      | Reached skill level 5 in Invocations
  5242 | D:4      | Found a glowing silver altar of Zin.
  5336 | D:4      | Reached XP level 8. HP: 40/73 MP: 10/10
  5936 | D:5      | Found Wamnolekh's Magic Scroll Boutique.
  6107 | D:6      | Reached **** piety under Lugonu
  6872 | D:7      | Noticed Joseph
  7142 | D:6      | Killed Joseph
  7143 | D:6      | Reached skill level 10 in Fighting
  7359 | D:7      | Reached XP level 9. HP: 80/85 MP: 12/12
  7422 | D:7      | Found a staircase to the Ecumenical Temple.
  7487 | Temple   | Entered the Ecumenical Temple
  7980 | D:7      | Found Hesej's Book Emporium.
  8254 | D:8      | Found a sand-covered staircase.
  8259 | Ossuary  | Entered an ossuary
  8532 | Ossuary  | Reached ***** piety under Lugonu
  8591 | Ossuary  | Noticed Menkaure
  8598 | Ossuary  | Killed Menkaure
  8599 | Ossuary  | Reached skill level 10 in Axes
  8981 | D:8      | Noticed a tengu warrior
  8982 | D:8      | Noticed a four-headed hydra
  9004 | D:7      | Banished a tengu warrior
  9193 | D:8      | Noticed Pikel
  9209 | D:7      | Killed Pikel
  9365 | D:8      | Noticed an efreet
  9481 | D:8      | HP: 30/92 [four-headed hydra (7)]
  9482 | D:8      | Killed a four-headed hydra
  9483 | D:8      | Reached XP level 10. HP: 33/101 MP: 15/15
  9960 | D:8      | Noticed a green ugly thing
  9962 | D:8      | Noticed a purple ugly thing
  9975 | D:8      | Banished a white ugly thing
 10160 | D:8      | Banished a purple ugly thing
 10565 | D:9      | HP: 31/103 [efreet/+2 scimitar of flaming (3)]
 10881 | D:9      | Noticed Maurice
 10903 | D:9      | Killed Maurice
 11136 | D:9      | HP: 25/104 [yak (14)]
 11763 | D:9      | Reached skill level 15 in Fighting
 12046 | D:9      | Noticed a two-headed ogre
 12047 | D:9      | Banished a two-headed ogre
 12141 | D:9      | Reached XP level 11. HP: 112/112 MP: 17/17
 12474 | D:9      | Found a staircase to the Orcish Mines.
 12714 | D:10     | Entered Level 10 of the Dungeon
 13086 | D:10     | Reached skill level 5 in Armour
 13605 | D:10     | Reached skill level 1 in Maces & Flails
 14419 | D:10     | Found a staircase to the Lair.
 14484 | Lair:1   | Entered Level 1 of the Lair of Beasts
 14959 | Lair:1   | Reached skill level 1 in Evocations
 15452 | Lair:1   | Reached skill level 5 in Maces & Flails
 15588 | Lair:1   | Noticed a six-headed hydra
 15590 | Lair:1   | Banished a six-headed hydra
 16046 | Lair:2   | Reached XP level 12. HP: 109/122 MP: 18/18
 16092 | Lair:1   | HP: 36/122 [elephant (8)]
 17273 | Lair:3   | Noticed an eight-headed hydra
 17278 | Lair:3   | Banished an eight-headed hydra
 17360 | Lair:3   | Found a staircase to the Swamp.
 17828 | Lair:3   | Noticed a five-headed hydra
 17830 | Lair:3   | Banished a five-headed hydra
 17933 | Lair:3   | Reached skill level 10 in Armour
 17937 | Lair:3   | HP: 35/122 [komodo dragon (25)]
 17939 | Lair:3   | Reached skill level 5 in Evocations
 18999 | Lair:4   | HP: 36/122 [meliai/divine providence (13)]
 19086 | Lair:3   | Reached XP level 13. HP: 99/128 MP: 19/19
 19616 | Lair:4   | Reached skill level 15 in Axes
 19710 | Lair:4   | Identified the +9 mace of Action {venom, Will+}
 19867 | Lair:4   | Found a hole to the Spider Nest.
 20527 | Lair:5   | Found a staircase to the Slime Pits.
 21098 | Lair:6   | Entered Level 6 of the Lair of Beasts
 21107 | Lair:6   | Found a runed translucent gate.
 21108 | Lair:6   | Found a runed translucent gate.
 21110 | Lair:6   | Found a runed translucent gate.
 21112 | Lair:6   | Noticed garrulousMonolith's ghost (journeyman GnFi)
 21294 | Lair:6   | Got the Almanac of Earth
 21441 | Lair:6   | Reached ****** piety under Lugonu
 22185 | Lair:6   | Identified the +4 ring mail of the Guild-Master {-Tele
                  | Drain rPois rF+++}
 22415 | Lair:6   | Reached XP level 14. HP: 137/137 MP: 20/20
 22915 | Orc:1    | Entered Level 1 of the Orcish Mines
 22982 | Orc:1    | Found a shimmering altar of Xom.
 23044 | Orc:1    | Found Vetot's Weapon Shoppe.
 23375 | Orc:1    | Found Malep's Jewellery Emporium.
 23587 | Orc:1    | Found a shimmering blue altar of Sif Muna.
 23857 | Orc:2    | Entered Level 2 of the Orcish Mines
 24290 | Orc:2    | Found a staircase to the Elven Halls.
 24394 | Orc:2    | HP: 38/140 [orc priest/divine providence (11)]
 25161 | Orc:1    | Reached skill level 1 in Throwing
 25797 | Orc:2    | Found Byolok's Magic Scroll Boutique.
 25797 | Orc:2    | Found Tulaynaf's Antique Armour Boutique.
 25798 | Orc:2    | Found Booghej's Distillery.
 25798 | Orc:2    | Found Ixisyno's General Store.
 25809 | Orc:2    | Bought a pair of runed gloves for 202 gold pieces
 25821 | Orc:2    | Bought a glowing tower shield for 202 gold pieces
 25827 | Orc:2    | Bought a faintly humming chain mail for 256 gold pieces
 25827 | Orc:2    | Identified the +6 chain mail of the Saviour {rElec rF- rC+
                  | Regen+} (You bought it in a shop on level 2 of the Orcish
                  | Mines)
 25831 | Orc:2    | Bought a scroll of immolation for 35 gold pieces
 25913 | Orc:1    | Bought the amulet "Ujuroul" {Reflect rCorr SH+5} for 511
                  | gold pieces
 26052 | D:11     | Noticed Nergalle
 26054 | D:11     | Banished Nergalle
 26055 | D:11     | Reached skill level 1 in Shields
 26092 | D:11     | Reached skill level 2 in Shields
 26338 | D:11     | Noticed Psyche
 26350 | D:11     | Killed Psyche
 26351 | D:11     | Reached skill level 3 in Shields
 26908 | D:12     | Reached skill level 4 in Shields
 27463 | D:12     | Reached skill level 5 in Shields
 28002 | D:13     | Reached skill level 6 in Shields
 28345 | D:13     | Reached XP level 15. HP: 131/149 MP: 21/21
 28719 | D:14     | Reached skill level 7 in Shields
 29179 | D:14     | Found a gate to the Vaults.
 29369 | D:14     | Reached skill level 8 in Shields
 29880 | D:15     | Entered Level 15 of the Dungeon
 30292 | D:15     | Reached skill level 9 in Shields
 30675 | D:15     | Found a staircase to the Depths.
 31000 | D:15     | Reached skill level 10 in Shields
 31211 | D:15     | Found the +3 salamander hide armour {Flames rF++ rC--}
 31496 | Swamp:1  | Entered Level 1 of the Swamp
 31775 | Swamp:1  | Noticed a tentacled monstrosity
 31787 | Swamp:1  | Killed a tentacled monstrosity
 32146 | Swamp:1  | Reached skill level 11 in Shields
 32162 | Swamp:1  | Reached skill level 5 in Dodging
 32203 | Swamp:1  | HP: 28/149 [bunyip (24)]
 33397 | Swamp:1  | Reached skill level 12 in Shields
 34113 | Swamp:2  | Noticed Mlioglotl
 34170 | Swamp:1  | Killed Mlioglotl
 34171 | Swamp:1  | Reached XP level 16. HP: 123/157 MP: 22/22
 35223 | Swamp:3  | Reached skill level 5 in Throwing
 35245 | Swamp:3  | Reached skill level 13 in Shields
 35956 | Swamp:4  | Entered Level 4 of the Swamp
 36052 | Swamp:3  | HP: 51/157 [poisoned by a swamp dragon (blast of poison)]
 36057 | Swamp:3  | HP: 46/157 [poisoned by a swamp dragon (blast of poison)]
 37115 | Swamp:3  | Reached skill level 14 in Shields
 37255 | Swamp:4  | Noticed a thorn hunter
 37514 | Swamp:4  | Killed a thorn hunter
 38227 | Swamp:4  | Reached skill level 15 in Shields
 38237 | Swamp:4  | Got a decaying rune of Zot
 38841 | Spider:1 | Entered Level 1 of the Spider Nest
 40918 | Spider:2 | Noticed Roxanne
 40960 | Spider:2 | Killed Roxanne
 41214 | Spider:2 | Reached skill level 16 in Shields
 41214 | Spider:2 | Reached XP level 17. HP: 146/163 MP: 23/23
 42113 | Spider:2 | Noticed Donald
 42368 | Spider:2 | Killed Donald
 43010 | Spider:3 | HP: 51/163 [entropy weaver (8)]
 43343 | Spider:3 | Reached skill level 17 in Shields
 43347 | Spider:3 | Found a frozen archway.
 43416 | IceCv    | Entered an ice cave
 43755 | IceCv    | HP: 40/163 [ironbound frostheart (17)]
 44205 | IceCv    | HP: 47/163 [white draconian/+0 halberd of freezing (13)]
 44207 | IceCv    | HP: 16/163 [white draconian/+0 halberd of freezing (28)]
 44766 | IceCv    | Reached skill level 18 in Shields
 45215 | IceCv    | Found the +8 frozen axe "Frostbite" {freezing cloud, *Noise
                  | Fly rC+}
 45699 | Spider:3 | Reached skill level 10 in Throwing
 46639 | Spider:4 | Entered Level 4 of the Spider Nest
 46826 | Spider:4 | Reached skill level 19 in Shields
 47223 | Spider:4 | Blown up by an orb spider

Illustrated notes

Levels and vault maps discovered:
D:1:      lightli_arrival_farm, layout_loops_ring,
          hellmonk_ecumenical_altar_crossroads, kennysheep_pointless_box,
          minivault_25
D:2:      layout_rooms
D:3:      minmay_door_path, layout_loops_corners, st_stairs_13, uniq_robin
D:4:      layout_gridville, zin_scriptorium, gammafunk_ghost_abyssal_escape,
          st_stairs_2, minmay_manual_mares
D:5:      layout_rooms, serial_shops, shop
D:6:      layout_basic
D:7:      layout_rooms, minmay_temple_entry_crystal_x, serial_shops, shop,
          serial_bayou_ford_a, uniq_joseph
D:8:      minmay_bloctagon, layout_rooms, enter_ossuary_2, uniq_pikel
D:9:      layout_loops_ring, erik_orc_1, uniq_maurice
D:10:     layout_stronghold, grunt_lair_entry_orc_guard_hut, nzn_life_drinkers
D:11:     layout_rooms, nicolae_underground_beach, uniq_psyche, uniq_nergalle
D:12:     layout_cave_pools, minivault_8
D:13:     layout_loops_cross
D:14:     layout_cave_pods, david_vaults_2, minmay_misc_feat_alley
D:15:     grunt_enter_depths_magical_seal, layout_basic,
          hellmonk_guarded_unrand_salamander
Temple:   dpeg_three_leaves_temple
Lair:1:   layout_chaotic_city, beast_lair_carwin_6, infiniplex_staircase_pool,
          serial_bayou_shore_b
Lair:2:   layout_roguey
Lair:3:   layout_concentric_octagons, swamp_mist_pool,
          nicolae_quartered_pool_super
Lair:4:   layout_roguey [special_room_bee], spider_nest_entry_funnel_web,
          lemuel_fruit_fields
Lair:5:   lemuel_slime, layout_gridlike, minmay_slime_entry_pillars
Lair:6:   hangedman_lair_caniforms_friends, layout_loops_ring, serial_bayou,
          serial_bayou_pond_c, serial_bayou_lagoon_a, serial_bayou_shore_b,
          serial_bayou_shore_b, gammafunk_ghost_necromancy, wad_woods_river_03,
          st_stairs_6, serial_bayou_lake_a
Swamp:1:  nicolae_swamp_long_stream, layout_basic_swamp,
          evilmike_swamp_ruin_house_6
Swamp:2:  layout_falls_marsh, infiniplex_staircase_pool_2, uniq_mlioglotl
Swamp:3:  nicolae_swamp_ascending_descending_big, layout_basic_swamp,
          serial_swamp_ruin, evilmike_swamp_ruin_house_5,
          evilmike_swamp_ruin_rubble_1, swamp_pool1
Swamp:4:  swamp, layout_basic_swamp
Spider:1: layout_spider_delve
Spider:2: layout_spider_delve, uniq_roxanne, uniq_donald
Spider:3: layout_spider_delve, portal_ice_cave_entry_ugly_swarm
Spider:4: hellmonk_spider_rune_bug_friends, lemuel_hornet_nest
Orc:1:    layout_diamond_mine, serial_shops, nicolae_square_shop, basic_altar,
          minmay_shop_enchanted_jewellery, led_sif_book
Orc:2:    st_orc_pillars, layout_caves, nicolae_volcano_entry_hallway,
          minmay_orc_temple_b

Skill      XL: |  1  2  3  4  5  6  7  8  9 10 11 12 13 14 15 16 17 |
---------------+----------------------------------------------------+-----
Axes           | 3 4 5 6 8 9 11 12 13 18 | 18.4
Invocations    | 2 3 4 5 6 8 9 |  9.4
Fighting       | 4 5 7 10 13 15 16 17 | 17.8
Armour         | 4 8 10 12 | 12.7
Maces & Flails | 6 8 |  8.0
Evocations     | 2 6 8 |  8.3
Dodging        | 4 6 9 |  9.0
Throwing       | 2 4 7 10 | 10.4
Shields        | 6 12 16 19 | 19.0

Action                   |  1- 3 |  4- 6 |  7- 9 | 10-12 | 13-15 | 16-18 || total
-------------------------+-------+-------+-------+-------+-------+-------++-------
Melee: Hand axe          |    93 |    78 |       |       |       |       ||   171
       Headbutt          |    10 |    20 |    78 |   166 |   318 |   208 ||   800
       Punch             |     1 |     1 |     6 |     9 |       |       ||    17
       Whip              |       |    23 |   352 |   584 |       |       ||   959
       Battleaxe         |       |     5 |       |    73 |   742 |       ||   820
       Broad axe         |       |       |       |       |   485 |   785 ||  1270
       Mace              |       |       |       |       |    11 |    52 ||    63
Throw: Boomerang         |       |       |       |       |    40 |    47 ||    87
Invok: Banish            |       |       |     1 |    14 |    11 |    14 ||    40
Evoke: Wand              |       |       |       |     7 |    12 |     3 ||    22
       Box of beasts     |       |       |       |     1 |     3 |     1 ||     5
       Phial of floods   |       |       |       |     1 |       |       ||     1
       Phantom mirror    |       |       |       |       |     2 |     3 ||     5
       Piece from Xom's  |       |       |       |       |       |     4 ||     4
  Use: Potion            |     1 |     1 |       |       |       |     1 ||     3
       Scroll            |       |       |     9 |    10 |     8 |     3 ||    30
 Stab: Sleeping          |     1 |       |       |       |       |       ||     1
       Distracted        |       |       |       |       |     1 |     3 ||     4
Armor: Leather armour    |    18 |     4 |       |       |       |       ||    22
       Quicksilver drago |       |    49 |   130 |   278 |   574 |   332 ||  1363
Dodge: Dodged            |    56 |    64 |   163 |   290 |   551 |   313 ||  1437
Block: Tower shield      |       |       |       |       |   440 |  1023 ||  1463
       Reflection        |       |       |       |       |    35 |     7 ||    42
